 Dungeon Crawl Stone Soup version 0.28-a0-895-g6e5f11bd55 (webtiles) character file.

Game seed: 6079702189313278759

96 mcbry74 the Chopper (level 4, -7/39 HPs)
             Began as a Hill Orc Fighter on Nov 22, 2021.
             Mangled by a gnoll (11 damage)
             ... on level 1 of the Dungeon.
             The game lasted 00:03:07 (1315 turns).

mcbry74 the Chopper (Hill Orc Fighter)              Turns: 1315, Time: 00:03:08

Health: -7/39      AC:  6    Str: 19    XL:     4   Next: 67%
Magic:  4/4        EV:  9    Int:  8    God:
Gold:   11         SH:  4    Dex: 10    Spells: 3/3 levels left

rFire   . . .      SeeInvis .   a - +0 war axe
rCold   . . .      Faith    .   c - +0 buckler
rNeg    . . .      Spirit   .   b - +0 scale mail
rPois   .          Reflect  .   (no helmet)
rElec   .          Harm     .   (no cloak)
rCorr   .          Rampage  .   (no gloves)
Will    .....                   (no boots)
Stlth   ..........              (no amulet)
HPRegen 0.13/turn               (no ring)
MPRegen 0.09/turn               (no ring)

@: no status effects
A: no striking features
a: no special abilities


You were on level 1 of the Dungeon.
You visited 1 branch of the dungeon, and saw 2 of its levels.

You collected 11 gold pieces.

Inventory:

Hand Weapons
 a - a +0 war axe (weapon)
Armour
 b - a +0 scale mail (worn)
 c - a +0 buckler (worn)
Scrolls
 e - 2 scrolls of identify {unknown}
 f - a scroll of acquirement {unknown}
 g - a scroll of holy word {unknown}
Potions
 d - a potion of might


   Skills:
 - Level 3.6 Fighting
 + Level 6.3 Axes
 - Level 3.2 Armour
 - Level 3.2 Shields


You had 3 spell levels left.
You didn't know any spells.
Your spell library contained the following spells:

 Spells                   Type           Power      Damage    Failure   Level
 Beastly Appendage        Tmut           0%         N/A       80%         1
 Wereblood                Tmut           0%         N/A       91%         2
 Spider Form              Tmut/Pois      0%         N/A       99%         3


Dungeon Overview and Level Annotations

Branches:
Dungeon (2/15)

Altars:


Message History

You miss the goblin.
The goblin is severely wounded.
The goblin barely misses you. x2
You barely miss the goblin.
The goblin is severely wounded.
You block the goblin's attack.
You slash the goblin!
You kill the goblin!
You start resting.
HP restored.
You climb downwards.
The gnoll hits you from afar with a +0 halberd.
The gnoll hits you from afar with a +0 halberd!
There is a stone staircase leading up here.
There is a stone staircase leading up here.
The gnoll hits you but does no damage.
You climb upwards.
There is a stone staircase leading down here.
You completely miss the gnoll. The gnoll barely misses you.
You hit the gnoll.
The gnoll is moderately wounded.
The gnoll hits you with a +0 halberd.
You barely miss the gnoll.
The gnoll is moderately wounded.
The gnoll hits you with a +0 halberd!
You hit the gnoll but do no damage.
The gnoll is moderately wounded.
You block the gnoll's attack. The gnoll hits you with a +0 halberd!
* * * LOW HITPOINT WARNING * * *
You closely miss the gnoll.
The gnoll is lightly wounded.
The gnoll completely misses you.
You hit the gnoll.
The gnoll is severely wounded.
The gnoll hits you with a +0 halberd.
* * * LOW HITPOINT WARNING * * *
You closely miss the gnoll.
The gnoll is severely wounded.
The gnoll hits you with a +0 halberd!
You die...

#.# #.#†. #.# #.†).
#.# #.##. #.# #.##.
#.. ########'
#.......) ##+#######
#.##.....
#....g...####+##.....
#...@)...##..........
#........##..........
#........##..........
#........##..........
#........##..........
##+########..........
###'####### #........
#########


You could see a gnoll.

Vanquished Creatures
  4 gnolls
  An adder (D:2)
  2 worms (D:2)
  5 ball pythons
  2 bats (D:2)
  4 endoplasms (D:1)
  2 giant cockroaches (D:1)
  4 goblins (D:1)
  8 hobgoblins
  2 kobolds
  3 frilled lizards
  4 rats
41 creatures vanquished.

Notes
Turn   | Place    | Note
-------+----------+-------------------------------------------
     0 | D:1      | mcbry74 the Hill Orc Fighter began the quest for the Orb.
     0 | D:1      | Reached XP level 1. HP: 19/19 MP: 1/1
    24 | D:1      | Reached skill level 3 in Axes
    28 | D:1      | Reached XP level 2. HP: 23/26 MP: 2/2
   113 | D:1      | Reached skill level 4 in Axes
   297 | D:1      | Reached XP level 3. HP: 26/31 MP: 3/3
   518 | D:1      | You fall into a shaft and drop 1 floor!
   636 | D:2      | Reached skill level 5 in Axes
   849 | D:2      | Reached XP level 4. HP: 39/39 MP: 4/4
   969 | D:2      | Reached skill level 6 in Axes
  1315 | D:1      | Mangled by a gnoll

Illustrated notes

Levels and vault maps discovered:
D:1:      dpeg_arrival_rooms_a, layout_basic, hellmonk_ecumenical_altar_zigzags,
          minmay_worlds_worst_comb
D:2:      layout_basic, serial_shops, nicolae_shop_hallway_plus,
          minmay_misc_feat_roman, st_stairs_13, minmay_liquid_box

Skill      XL: |  1  2  3  4 |
---------------+-------------+-----
Axes           | 3 4 5 6 |  6.3
Fighting       | |  3.6
Armour         | |  3.2
Shields        | |  3.2

Action                   |  1- 3 |  4- 6 || total
-------------------------+-------+-------++-------
Melee: War axe           |    65 |    43 ||   108
Armor: Scale mail        |    26 |    12 ||    38
Dodge: Dodged            |    30 |    18 ||    48
Block: Buckler           |    13 |     8 ||    21

Table legend: (Time is in decaauts)
 A = Elapsed time spent in this place.
 B = Non-inter-level travel time spent in this place.
 C = Inter-level travel time spent in this place.
 D = Time resting spent in this place.
 E = Time spent auto-exploring this place.
 F = Levels seen in this place.
 G = Mean time per level.
                   A        B        C        D        E       F      G
               +--------+--------+--------+--------+--------+-----+--------+
         Total |   1346 |   1346 |      0 |    371 |    652 |   2 |  673.0 |
       Dungeon |   1346 |   1346 |      0 |    371 |    652 |   2 |  673.0 |
               +--------+--------+--------+--------+--------+-----+--------+

Top non-repeatable levels by time:
     D:1: 805 daAuts
     D:2: 541 daAuts
